 Dungeon Crawl Stone Soup version 0.28-b1-25-g9875b3fc8c (webtiles) character file.

Game seed: 8491261413778345909

2667 styxcanada the Covert (level 9, -6/44 HPs)
             Began as a Spriggan Brigand on Feb 1, 2022.
             Was an Initiate of Gozag.
             Killed from afar by an acid dragon (26 damage)
             ... with a splash of acid
             ... on level 6 of the Dungeon.
             The game lasted 00:26:33 (6739 turns).

styxcanada the Covert (Spriggan Brigand)            Turns: 6739, Time: 00:26:33

Health: -6/44      AC: -3    Str:  7    XL:     9   Next: 37%
Magic:  17/17      EV: 23    Int: 12    God:    Gozag
Gold:   297        SH:  0    Dex: 21    Spells: 11/17 levels left

rFire   . . .      SeeInvis +   a - +3 dagger (venom)
rCold   . . .      Faith    .   (no shield)
rNeg    + . .      Spirit   .   l - +2 robe {rN+}
rPois   .          Reflect  .   (helmet restricted)
rElec   .          Harm     .   c - +0 cloak
rCorr   .          Rampage  .   (gloves unavailable)
Will    +....                   (boots unavailable)
Stlth   +++++.....              q - amulet of regeneration
HPRegen 0.94/turn               (no ring)
MPRegen 0.15/turn               (no ring)

@: corroded, gold aura, very quick
A: very small, no large weapons, unfitting armour, see invisible, speed 3
a: Renounce Religion, Potion Petition, Call Merchant, Bribe Branch


You were on level 6 of the Dungeon.
You worshipped Gozag.
Gozag was aware of your devotion.
You visited 2 branches of the dungeon, and saw 7 of its levels.

You collected 386 gold pieces.
You spent 20 gold pieces at shops.
You paid 69 gold pieces to Gozag.

Inventory:

Hand Weapons
 a - a +3 dagger of venom (weapon)
 v - a +1 dagger of electrocution
Missiles
 e - 2 curare-tipped darts (quivered)
 f - 60 sling bullets
 h - 103 stones
 p - 2 throwing nets
 r - 4 atropa-tipped darts
 w - a boomerang
Armour
 c - a +0 cloak (worn)
 j - a scarf of harm
 l - a +2 robe of positive energy (worn)
 m - a +0 robe of fire resistance
Jewellery
 q - an amulet of regeneration (around neck)
 u - a +6 ring of intelligence
Wands
 g - a wand of charming (2)
 y - a wand of flame (16)
Scrolls
 b - a scroll of blinking
 i - a scroll of torment
 s - 2 scrolls of teleportation
 x - a scroll of identify
Potions
 k - a potion of brilliance
 n - a potion of haste
 t - a potion of lignification


   Skills:
 + Level 3.6 Fighting
 + Level 5.3 Short Blades
 + Level 3.8 Throwing
 * Level 7.9 Dodging
 * Level 11.2 Stealth
 * Level 4.7 Spellcasting
 * Level 2.8 Conjurations
 * Level 1.7 Summonings
 * Level 2.0 Evocations


You had 11 spell levels left.
You knew the following spells:

 Your Spells              Type           Power      Damage    Failure   Level
a - Magic Dart            Conj           36%        1d4       6%          1
b - Call Canine Familiar  Summ           6%         N/A       30%         3
c - Searing Ray           Conj           18%        2d5       10%         2

Your spell library contained the following spells:

 Spells                   Type           Power      Damage    Failure   Level
 Summon Small Mammal      Summ           24%        N/A       11%         1
 Animate Skeleton         Necr           4%         N/A       21%         1
 Apportation              Tloc           4%         N/A       21%         1
 Pain                     Necr           8%         1d4       21%         1
 Summon Guardian Golem    Hex/Summ       4%         N/A       41%         3
 Vampiric Draining        Necr           2%         2d6       52%         3
 Fulminant Prism          Conj/Hex       3%         3d6       75%         4
 Alistair's Intoxication  Tmut/Pois      1%         N/A       99%         5


Dungeon Overview and Level Annotations

Branches:
Dungeon (6/15)             Temple (1/1) D:5

Altars:
Gozag
Xom

Shops:
D:2 ?


Innate Abilities, Weirdness & Mutations

You are very small and have problems with some larger weapons.
You are too small for most types of armour.
You have supernaturally acute eyesight. (SInv)
You cover ground extremely quickly. (Speed+++)


Message History

You hit the acid dragon but do no damage.
The acid dragon is poisoned.
The acid dragon spits acid at you. The splash of acid misses you.
You feel much better. The acid dragon completely misses you.
The acid dragon closely misses you.
You hit the acid dragon but do no damage.
The acid dragon is lightly wounded.
The acid dragon spits acid at you. The splash of acid hits you!!
Ouch! That really hurt!
* * * LOW HITPOINT WARNING * * *
The acid corrodes you!
You barely miss the acid dragon.
The acid dragon is lightly wounded.
You now have 297 gold pieces (gained 8).
You start resting.
An acid dragon is nearby!
Throw: 3 darts (poison)
Press: ? - help, Q - select action, (/) - cycle Shift-Dir - straight line, f/p - acid dragon
Aim: an acid dragon (moderately wounded, poisoned, 64% to hit)
You throw a poisoned dart.
The poisoned dart closely misses the acid dragon.
Throw: 2 darts (poison)
Press: ? - help, Q - select action, (/) - cycle Shift-Dir - straight line, f/p - acid dragon
Aim: an acid dragon (moderately wounded, poisoned, 64% to hit)
You throw a poisoned dart. The poisoned dart hits the acid dragon.
The acid dragon is moderately wounded.
Unknown command.
Throw: dart (poison)
Press: ? - help, Q - select action, (/) - cycle Shift-Dir - straight line, f/p - acid dragon
Aim: an acid dragon (moderately wounded, poisoned, 64% to hit)
You throw a poisoned dart. The poisoned dart hits the acid dragon.
The acid dragon is moderately wounded.
The acid dragon looks more healthy.
The acid dragon spits acid at you. The splash of acid hits you!!
Ouch! That really hurt!
You die...
Your body crumbles into a pile of gold.

zs≈...# ##.###.# s≈≈...##
##.# ### ≈≈.....# ##..#
.......###...## ###
#......(......###..#
..........####.#...# # ...
##..#####.# ##....#.##..
#.. #.. #(## ##....##...#
#.. ##.
##(#####@......#..## #.. #.
#..##........###..####..
##.D..###...##..........
##.#### #..............
##...## #.)..# #.......
.##.....# ##.)### #[....#.
....>....####.))## #....###
......#.......)...####<..##
#
........#....##....##....#
#


You could see an acid dragon (catching breath).

Vanquished Creatures
  Pikel (D:5)
  Prince Ribbit (D:6)
  Sigmund (D:2)
  2 wyverns
  A water moccasin (D:5)
  A sky beast (D:4)
  3 ogres
  2 phantoms
  3 scorpions (D:5)
  A water moccasin skeleton (D:5)
  A howler monkey (D:6)
  2 hounds
  A bullfrog skeleton (D:5)
  An orc priest (D:6)
  A gnoll shaman (D:4)
  Jessica (D:2)
  3 iguanas (D:5)
  7 orc wizards
  Natasha (twice) (D:3)
  A hound skeleton (D:3)
  Robin (D:3)
  5 gnolls (D:4)
  4 adders
  2 white imps (D:5)
  2 ufetubi
  3 dart slugs
  15 orcs
  5 bats
  6 endoplasms
  3 giant cockroaches
  17 goblins
  7 hobgoblins
  4 jackals (D:1)
  4 kobolds
  5 quokkas
  5 ball pythons
  2 frilled lizards
  6 rats
132 creatures vanquished.

Vanquished Creatures (collateral kills)
  An orc (D:6)
1 creature vanquished.

Vanquished Creatures (others)
  A bullfrog (D:6)
  A gnoll sergeant (D:6)
  3 scorpions (D:6)
  2 adders (D:6)
  An orc (D:6)
  A fungus (D:6)
9 creatures vanquished.

Grand Total: 142 creatures vanquished

Notes
Turn   | Place    | Note
-------+----------+-------------------------------------------
     0 | D:1      | styxcanada the Spriggan Brigand began the quest for the
                  | Orb.
     0 | D:1      | Reached XP level 1. HP: 10/10 MP: 2/2
    26 | D:1      | Reached skill level 6 in Stealth
   109 | D:1      | Reached XP level 2. HP: 11/14 MP: 3/3
   111 | D:1      | Learned a level 1 spell: Magic Dart
   528 | D:1      | Reached XP level 3. HP: 15/18 MP: 4/4
   773 | D:1      | Found a faded altar of an unknown god.
   915 | D:1      | Reached skill level 7 in Stealth
  1363 | D:2      | Noticed Sigmund
  1367 | D:2      | Killed Sigmund
  1368 | D:2      | Reached skill level 8 in Stealth
  1368 | D:2      | Reached skill level 1 in Spellcasting
  1368 | D:2      | Reached XP level 4. HP: 23/23 MP: 5/7
  1368 | D:2      | Reached XP level 5. HP: 26/26 MP: 5/8
  1422 | D:2      | Noticed Jessica
  1424 | D:2      | Killed Jessica
  1519 | D:2      | Noticed a phantom
  1538 | D:2      | HP: 1/26 [phantom (2)]
  1552 | D:2      | Found Imasm's Magic Scroll Shoppe.
  2124 | D:2      | Bought a scroll of identify for 20 gold pieces
  2553 | D:2      | HP: 1/26 [phantom (7)]
  3099 | D:3      | Reached skill level 1 in Conjurations
  3099 | D:3      | Reached XP level 6. HP: 29/30 MP: 9/9
  3385 | D:3      | Noticed Robin
  3447 | D:3      | Noticed Natasha
  3459 | D:3      | Killed Natasha
  3519 | D:3      | Killed Robin
  3985 | D:3      | Noticed Natasha
  4002 | D:3      | Killed Natasha
  4361 | D:4      | Reached skill level 9 in Stealth
  4376 | D:4      | Reached XP level 7. HP: 24/35 MP: 11/11
  5010 | D:4      | Noticed a wyvern
  5025 | D:4      | Killed a wyvern
  5026 | D:4      | Reached skill level 5 in Dodging
  5202 | D:5      | Entered Level 5 of the Dungeon
  5254 | D:5      | Noticed a wyvern
  5278 | D:5      | Killed a wyvern
  5279 | D:5      | Reached XP level 8. HP: 26/40 MP: 12/14
  5556 | D:5      | Reached skill level 10 in Stealth
  5560 | D:5      | Learned a level 3 spell: Call Canine Familiar
  5563 | D:5      | Learned a level 2 spell: Searing Ray
  5714 | D:5      | Found a staircase to the Ecumenical Temple.
  5727 | Temple   | Entered the Ecumenical Temple
  5737 | Temple   | Became a worshipper of Gozag Ym Sagoz the Greedy
  5977 | D:5      | Reached skill level 1 in Summonings
  6077 | D:5      | Noticed Pikel
  6173 | D:5      | Killed Pikel
  6174 | D:5      | Reached skill level 5 in Short Blades
  6174 | D:5      | Reached skill level 1 in Evocations
  6174 | D:5      | Reached XP level 9. HP: 19/44 MP: 16/16
  6536 | D:6      | Reached skill level 11 in Stealth
  6632 | D:6      | Found a shimmering altar of Xom.
  6648 | D:6      | Noticed Prince Ribbit
  6698 | D:6      | Killed Prince Ribbit
  6713 | D:6      | HP: 1/44 [acid dragon/splash of acid (26)]
  6739 | D:6      | Killed from afar by an acid dragon

Illustrated notes

Levels and vault maps discovered:
D:1:      dpeg_arrival_windows_large_door, layout_loops_ring,
          shapermc_ecumenical_altar_venn
D:2:      layout_basic, serial_shops, nicolae_shop_waterfront,
          minmay_tromino_i4, uniq_jessica, uniq_sigmund
D:3:      layout_loops_cross, uniq_robin, uniq_natasha
D:4:      layout_cave_pools
D:5:      layout_basic, minmay_temple_entry_ruins, kennysheep_another_room,
          minmay_bent, uniq_pikel
D:6:      layout_layer_cave, xom_confusion_cloud, mainiacjoe_overflow_chevrons,
          uniq_prince_ribbit1, uniq_grinder
Temple:   nicolae_temple_god_jail

Skill      XL: |  1  2  3  4  5  6  7  8  9 |
---------------+----------------------------+-----
Stealth        | 6 8 9 10 11 | 11.2
Fighting       | 2 3 |  3.6
Dodging        | 2 3 4 5 7 |  7.9
Spellcasting   | 1 2 3 4 |  4.7
Short Blades   | 3 4 5 |  5.3
Conjurations   | 1 2 |  2.8
Throwing       | 3 |  3.8
Summonings     | 1 |  1.7
Evocations     | 1 2 |  2.0

Action                   |  1- 3 |  4- 6 |  7- 9 || total
-------------------------+-------+-------+-------++-------
Melee: Dagger            |   100 |   178 |   223 ||   501
       Punch             |     1 |     1 |     4 ||     6
Throw: Dart              |     2 |    28 |    33 ||    63
Evoke: Wand              |       |       |     1 ||     1
  Use: Scroll            |       |     8 |     5 ||    13
       Potion            |       |     1 |     1 ||     2
 Stab: Sleeping          |    13 |     9 |     9 ||    31
Armor: Robe              |    15 |    18 |    18 ||    51
Dodge: Dodged            |    65 |   125 |   162 ||   352
